 Dungeon Crawl Stone Soup version 0.26.0-16-gc1dbca0489 (webtiles) character file.

Game seed: 12296029072067069497

221 112233 the Twirler (level 5, 0/54 HPs)
             Began as an Octopode Gladiator on Jan 18, 2021.
             Killed from afar by an orc wizard (7 damage)
             ... with a magic dart
             ... on level 3 of the Dungeon.
             The game lasted 00:01:59 (2603 turns).

112233 the Twirler (Octopode Gladiator)             Turns: 2603, Time: 00:02:00

Health: 0/54       AC: 22    Str: 13    XL:     5   Next: 98%
Magic:  5/5        EV:  2    Int: 10    God:
Gold:   99         SH:  0    Dex: 15    Spells: 4/4 levels left

rFire    . . .     SeeInvis .   a - +0 quarterstaff
rCold    . . .     Faith    .   (shield currently unavailable)
rNeg     + + +     Spirit   .   (helmet currently unavailable)
rPois    +         Reflect  .   (no amulet)
rElec    .         Harm     .   (no ring)
rCorr    .         Rampage  .   (no ring)
Will     .....     NoTele   +   (no ring)
Stlth    +.........             (no ring)
HPRegen  0.18/turn              (no ring)
MPRegen  0.09/turn              (no ring)
                                (no ring)
                                (no ring)

@: mighty, tree-form
A: almost no armour, stealthy swim, (amphibious), 8 rings, (constrict 8)
a: no special abilities


You were on level 3 of the Dungeon.
You were a tree.
You visited 1 branch of the dungeon, and saw 3 of its levels.

You collected 99 gold pieces.

Inventory:

Hand Weapons
 a - a +0 quarterstaff (weapon)
Missiles
 c - 3 throwing nets (quivered) {!f}
 k - 5 silver javelins
 l - 4 atropa-tipped darts
Armour
 b - a +0 hat (melded)
Scrolls
 d - a scroll of magic mapping {unknown}
 e - 2 scrolls of enchant armour {unknown}
 h - 2 scrolls of teleportation {unknown}
 i - 2 scrolls of identify {unknown}
 m - 3 scrolls of fog {unknown}
Potions
 f - a potion of might
 g - a potion of lignification
 j - 2 potions of curing {unknown}
 n - a potion of haste {unknown}


   Skills:
 + Level 3.3 Fighting
 * Level 5.0 Staves
 - Level 2.0 Throwing
 + Level 4.0 Dodging


You had 4 spell levels left.
You didn't know any spells.
Your spell library was empty.

Dungeon Overview and Level Annotations

Branches:
Dungeon (3/15)

Altars:


Innate Abilities, Weirdness & Mutations

You cannot wear most types of armour.
You are very stealthy in the water. (Stealth+)
((You are amphibious.))
You can wear up to eight rings at the same time.
((You can use your tentacles to constrict eight enemies at once.))
((Your skin changes colour to match your surroundings (Stealth+).))
((Your rubbery body absorbs attacks. (AC +1, EV +1)))


Message History

You constrict the orc wizard.
The orc wizard mumbles some strange words.
The orc wizard struggles to blink free from constriction.
You completely miss the orc wizard. You constrict the orc wizard.
The orc wizard barely misses you.
You hit the orc wizard. You constrict the orc wizard.
The orc priest calls down the wrath of Beogh upon you.
Beogh smites you!
* * * LOW HITPOINT WARNING * * *
The orc wizard misses you.
Unknown command.
It was a potion of lignification.
You turn into a tree.
Your +0 hat melds into your body.
Your roots penetrate the ground.
You lose your grip on the orc wizard.
The orc wizard hits you but does no damage.
Unknown command.
You thump the orc wizard!
The orc wizard points at you and mumbles some strange words.
The magic dart hits you!
You die...

#.#
#.##........##########
#.#
#.###.#####.#.........
#.# #.# #.#
##.#.#######. #.# #.#
#.####....# #.# ..#
#.##.....[# .##
#.##.#...## .
#.##.##.## #. #.##...
#♣###### #o#


ooo .<#o# ##. .# ## ## You could see an orc priest, an orc wizard and 3 orcs.

Vanquished Creatures
  An orc wizard (D:2)
  Terence (D:2)
  Robin (D:3)
  4 gnolls (D:3)
  3 adders (D:3)
  A worm (D:2)
  A dart slug (D:1)
  5 leopard geckos
  5 orcs
  A ball python (D:3)
  8 bats
  3 giant cockroaches
  7 goblins
  11 hobgoblins
  4 jackals (D:1)
  A quokka (D:3)
  4 frilled lizards
  9 kobolds
  5 rats
75 creatures vanquished.

Notes
Turn   | Place    | Note
-------+----------+-------------------------------------------
     0 | D:1      | 112233 the Octopode Gladiator began the quest for the Orb.
     0 | D:1      | Reached XP level 1. HP: 14/14 MP: 1/1
    56 | D:1      | Reached XP level 2. HP: 18/19 MP: 2/2
   538 | D:1      | Reached XP level 3. HP: 22/25 MP: 3/3
  1125 | D:2      | Reached skill level 4 in Staves
  1130 | D:2      | Reached XP level 4. HP: 24/30 MP: 4/4
  1254 | D:2      | Noticed Terence
  1266 | D:2      | Killed Terence
  1304 | D:2      | Reached XP level 5. HP: 36/36 MP: 5/5
  2113 | D:3      | Noticed Robin
  2212 | D:3      | Killed Robin
  2297 | D:3      | Reached skill level 5 in Staves
  2603 | D:3      | Killed from afar by an orc wizard

Illustrated notes

Levels and vault maps discovered:
D:1:      giann_bridges, layout_rooms
D:2:      layout_loops_ring, uniq_terence
D:3:      layout_loops_ring, lemuel_coloured_pillars_altar, minitemple,
          minmay_misc_feat_tower, uniq_robin, uniq_jessica

Skill      XL: |  1  2  3  4  5 |
---------------+----------------+-----
Staves         | 4 5 |  5.0
Fighting       | 3 |  3.3
Dodging        | 4 |  4.0
Throwing       | |  2.0

Action                   |  1- 3 |  4- 6 || total
-------------------------+-------+-------++-------
Melee: Quarterstaff      |    76 |    71 ||   147
       Constrict         |    19 |    25 ||    44
       Tentacles         |    11 |    21 ||    32
  Use: Potion            |       |     2 ||     2
 Stab: Sleeping          |     1 |     2 ||     3
Armor: Skin              |    10 |     4 ||    14
Dodge: Dodged            |    48 |    52 ||   100
